 Dungeon Crawl Stone Soup version 0.28-a0-167-g7eff39e849 (webtiles) character file.

Game seed: 7484576131232054372

6 Nattfarinn the Stinger (level 1, 0/9 HPs)
             Began as a Spriggan Venom Mage on Aug 16, 2021.
             Slain by a rat (3 damage)
             ... on level 1 of the Dungeon.
             The game lasted 00:00:56 (129 turns).

Nattfarinn the Stinger (Spriggan Venom Mage)         Turns: 129, Time: 00:00:57

Health: 0/9        AC:  2    Str:  4    XL:     1   Next: 75%
Magic:  0/5        EV: 17    Int: 16    God:
Gold:   0          SH:  0    Dex: 15    Spells: 5/6 levels left

rFire   . . .      SeeInvis +   (weapon restricted)
rCold   . . .      Faith    .   (shield restricted)
rNeg    . . .      Spirit   .   a - +0 robe
rPois   .          Reflect  .   (helmet restricted)
rElec   .          Harm     .   (no cloak)
rCorr   .          Rampage  .   (gloves unavailable)
Will    .....                   (boots unavailable)
Stlth   ++........              (no amulet)
HPRegen 0.03/turn               (no ring)
MPRegen 0.09/turn               (no ring)

@: very quick
A: very small, no large weapons, unfitting armour, see invisible, speed 3
a: no special abilities


You were on level 1 of the Dungeon.
You visited 1 branch of the dungeon, and saw 1 of its levels.

Inventory:

Armour
 a - a +0 robe (worn)


   Skills:
 - Level 2.6 Dodging
 - Level 3.0 Stealth
 * Level 3.1 Spellcasting
 - Level 1.3 Transmutations
 + Level 3.1 Poison Magic


You had 5 spell levels left.
You knew the following spells:

 Your Spells              Type           Power      Damage    Failure   Level
a - Sting                 Tmut/Pois      36%        1d4       8%          1

Your spell library contained the following spells:

 Spells                   Type           Power      Damage    Failure   Level
 Poisonous Vapours        Pois/Air       14%        N/A       14%         2
 Mephitic Cloud           Conj/Pois/Air  5%         N/A       34%         3
 Olgreb's Toxic Radiance  Pois           12%        N/A       45%         4


Dungeon Overview and Level Annotations

Branches:
Dungeon (1/15)

Altars:


Innate Abilities, Weirdness & Mutations

You are very small and have problems with some larger weapons.
You are too small for most types of armour.
You have supernaturally acute eyesight. (SInv)
You cover ground extremely quickly. (Speed+++)


Message History

A rat comes into view.
Found the Almanac of Experimentation.
Found a robe.
Found 10 gold pieces.
A rat comes into view.
The sting hits the endoplasm.
The endoplasm is poisoned.
The endoplasm is lightly wounded.
The sting hits the endoplasm.
The endoplasm partially resists.
The endoplasm is severely wounded.
You kill the endoplasm!
The rat bites you.
Found a bubbling golden potion.
You can't see any susceptible monsters within range! (Use Z to cast anyway.)
The sting hits the rat.
The rat is poisoned.
The rat is heavily wounded.
You kill the rat!
A frilled lizard and a jackal come into view.
Unknown command.
The rat misses you.
Unknown command.
You are too depleted to draw on your mana recklessly!
You are too depleted to draw on your mana recklessly!
The rat bites you.
You hit the rat.
The rat is heavily wounded.
The rat completely misses you.
The sting hits the rat.
The rat is poisoned.
You kill the rat!
You hit the rat but do no damage. The rat misses you.
You barely miss the rat. The rat closely misses you.
You hit the rat.
The rat is moderately wounded.
The rat bites you.
You closely miss the rat.
The rat is moderately wounded.
The rat bites you.
You barely miss the rat.
The rat is moderately wounded.
The rat bites you.
You die...

.##########........##
#. #..#.....#. #.
#..# ....≈. #. #r.#
..=.≈. #. #..# ....≈.
#. #r.# ....#. #.
#..###≈≈###
#.########...#....#.
#..@rr.†....!§....≈.
##########...§..⌠.≈.
..........≈..§.≈.
##.h..##..#....
...#.. ..+#≈≈# l. #.
... ... .. .... .. ..
##### ...


You could see 2 rats.

Vanquished Creatures
  A bat (D:1)
  An endoplasm (D:1)
  A hobgoblin (D:1)
  A ball python (D:1)
  2 rats (D:1)
6 creatures vanquished.

Notes
Turn   | Place    | Note
-------+----------+-------------------------------------------
     0 | D:1      | Nattfarinn the Spriggan Venom Mage began the quest for the
                  | Orb.
     0 | D:1      | Reached XP level 1. HP: 9/9 MP: 5/5
   129 | D:1      | Slain by a rat

Illustrated notes

Levels and vault maps discovered:
D:1:      dpeg_arrival_rooms_with_view, layout_basic,
          ebering_ecumenical_altar_rust, minmay_parallelograms,
          serial_park_tiny_1, minivault_5

Skill      XL: |  1 |
---------------+----+-----
Spellcasting   | 3 |  3.1
Dodging        | |  2.6
Stealth        | |  3.0
Transmutations | |  1.3
Poison Magic   | |  3.1

Action                   || total
-------------------------++-------
Melee: Unarmed           ||     6
 Cast: Sting             ||    11
Dodge: Dodged            ||     7

Table legend: (Time is in decaauts)
 A = Elapsed time spent in this place.
 B = Non-inter-level travel time spent in this place.
 C = Inter-level travel time spent in this place.
 D = Time resting spent in this place.
 E = Time spent auto-exploring this place.
 F = Levels seen in this place.
 G = Mean time per level.
                   A        B        C        D        E       F      G
               +--------+--------+--------+--------+--------+-----+--------+
         Total |     92 |     92 |      0 |      0 |     21 |   1 |   92.0 |
       Dungeon |     92 |     92 |      0 |      0 |     21 |   1 |   92.0 |
               +--------+--------+--------+--------+--------+-----+--------+

Top non-repeatable levels by time:
     D:1: 92 daAuts
